 Dungeon Crawl Stone Soup version 0.27.1-34-g3ba077fa99 (webtiles) character file.

Game seed: 6187337453202813278

262 doobhtoobh the Conjurer (level 5, -4/41 HPs)
             Began as a Draconian Conjurer on Jan 5, 2022.
             Slain by a water moccasin (8 damage)
             ... on level 6 of the Dungeon.
             The game lasted 00:16:44 (3797 turns).

doobhtoobh the Conjurer (Draconian Conjurer)        Turns: 3797, Time: 00:16:45

Health: -4/41      AC:  5    Str:  9    XL:     5   Next: 97%
Magic:  9/9        EV: 12    Int: 19    God:
Gold:   115        SH:  0    Dex: 10    Spells: 4/10 levels left

rFire    . . .     SeeInvis .   (no weapon)
rCold    . . .     Faith    .   (no shield)
rNeg     . . .     Spirit   .   (armour unavailable)
rPois    .         Reflect  .   (helmet restricted)
rElec    .         Harm     .   (no cloak)
rCorr    .         Rampage  .   (no gloves)
Will     .....                  (no boots)
Stlth    ++........             (no amulet)
HPRegen  0.13/turn              (no ring)
MPRegen  0.11/turn              (no ring)

@: lethally poisoned (-4 -> -25), about to teleport
A: AC +5, unfitting armour, cold-blooded
a: no special abilities


You were on level 6 of the Dungeon.
You visited 1 branch of the dungeon, and saw 4 of its levels.

You collected 115 gold pieces.

Inventory:

Armour
 i - a +0 helmet
Scrolls
 a - a scroll of identify
 b - a scroll of enchant armour
 g - a scroll of vulnerability {unknown}
 h - a scroll of torment {unknown}
Potions
 e - 4 potions of cancellation {unknown}


   Skills:
 + Level 2.0 Fighting
 + Level 2.6 Dodging
 + Level 2.9 Stealth
 + Level 3.0 Spellcasting
 * Level 5.5 Conjurations


You had 4 spell levels left.
You knew the following spells:

 Your Spells              Type           Power      Damage    Failure   Level
a - Magic Dart            Conj           92%        1d7       1%          1
b - Searing Ray           Conj           46%        3d4       2%          2
c - Inner Flame           Hex/Fire       2%         N/A       41%         3

Your spell library contained the following spells:

 Spells                   Type           Power      Damage    Failure   Level
 Dazzling Flash           Conj/Hex       26%        N/A       14%         3
 Fulminant Prism          Conj/Hex       6%         3d7       43%         4
 Iskenderun's Mystic Bla  Conj/Tloc      13%        2d5       43%         4
 Cause Fear               Hex            1%         N/A       83%         4
 Discord                  Hex            1%         N/A       100%        8


Dungeon Overview and Level Annotations

Branches:
Dungeon (3/15)

Altars:

Annotations:
D:6 Edmund


Innate Abilities, Weirdness & Mutations

Your plain brown scales are hard. (AC +5)
You cannot fit into any form of body armour.
You are cold-blooded and may be slowed by cold attacks.


Message History

The shaft crumbles and collapses.
A water moccasin, a shadow imp and a necrophage come into view.
Found a cyan potion, a cloak, a sedimented pink potion and a ring mail.
Found a stone staircase leading up.
As you read the scroll labelled VYTUSESECZY, it crumbles to dust.
It is a scroll of identify.
b - a scroll of enchant armour The water moccasin hisses angrily.
The shadow imp shouts!
You hear a shout!
The water moccasin bites you!
You are poisoned.
The water moccasin poisons you!
You feel very sick. The water moccasin misses you.
A hound and Edmund come into view.
Edmund is wielding a +1 flail of venom.
Found a ring mail.
You feel very sick.
Edmund shouts!
The hound barks!
You hear a shout! x2
As you read the scroll labelled KUOTZY FOQEBU, it crumbles to dust.
It is a scroll of amnesia.
Really abort (and waste the scroll)? [Y]es or [N]o only, please.
Really abort (and waste the scroll)?
Okay, then.
You feel very sick. The water moccasin closely misses you.
As you read the scroll labelled IBLIPO ZUFOUDI, it crumbles to dust.
The scroll dissolves into smoke.
It was a scroll of fog.
You feel sick. The water moccasin bites you.
You are more poisoned.
The water moccasin poisons you! The water moccasin bites you.
Edmund hits you with a +1 flail of venom.
You are more poisoned.
As you read the scroll labelled ASAAPE MEYLUI, it crumbles to dust.
You feel strangely unstable.
It was a scroll of teleportation.
* * * LOW HITPOINT WARNING * * *
You feel very sick. The hound bites you but does no damage.
The shadow imp hits you.
* * * LOW HITPOINT WARNING * * *
The water moccasin bites you!
You die...

...... ..#..
...<..##.... .....
......#.... ....
..........# ...
.......... #..
.........# .. .
.!.......# .# ...
.........###@#....[
.........nS@§......
.......#.§5h§......
.........§.§.[!....
.........##.[......
...........###.....
..###...##. .....
.. ##.. . .##. ...
## ..


You could see Edmund, a water moccasin, a necrophage, a hound and a shadow imp.

Vanquished Creatures
  Sigmund (D:3)
  4 adders
  An ufetubus (D:2)
  A worm (D:2)
  5 orcs (D:3)
  2 ball pythons
  5 endoplasms
  3 giant cockroaches
  8 goblins
  6 hobgoblins
  6 kobolds
  4 quokkas
  6 bats
  4 frilled lizards
  5 rats
61 creatures vanquished.

Vanquished Creatures (others)
  2 plants (D:1)
2 creatures vanquished.

Grand Total: 63 creatures vanquished

Notes
Turn   | Place    | Note
-------+----------+-------------------------------------------
     0 | D:1      | doobhtoobh the Draconian Conjurer began the quest for the
                  | Orb.
     0 | D:1      | Reached XP level 1. HP: 14/14 MP: 3/3
   451 | D:1      | Reached XP level 2. HP: 15/20 MP: 1/5
   454 | D:1      | Learned a level 2 spell: Searing Ray
  1573 | D:2      | Reached XP level 3. HP: 25/27 MP: 0/6
  2465 | D:2      | Learned a level 3 spell: Inner Flame
  2557 | D:2      | Reached skill level 1 in Fighting
  2745 | D:2      | Reached XP level 4. HP: 35/35 MP: 3/7
  3326 | D:3      | Noticed Sigmund
  3436 | D:3      | Killed Sigmund
  3437 | D:3      | Reached skill level 5 in Conjurations
  3437 | D:3      | Reached XP level 5. HP: 15/41 MP: 0/9
  3789 | D:3      | You fall into a shaft and drop 3 floors!
  3789 | D:6      | Noticed a water moccasin
  3789 | D:6      | Noticed a necrophage
  3794 | D:6      | Noticed Edmund
  3797 | D:6      | Slain by a water moccasin

Illustrated notes

Levels and vault maps discovered:
D:1:      dpeg_arrival_tiny_a, layout_loops_corners, nrook_mini_backslash,
          serial_bayou_pond_b, minmay_tripent
D:2:      layout_basic
D:3:      layout_basic, serial_bayou_pond_a, uniq_sigmund
D:6:      layout_rooms, uniq_menkaure, uniq_edmund

Skill      XL: |  1  2  3  4  5 |
---------------+----------------+-----
Stealth        | 2 |  2.9
Dodging        | 2 |  2.6
Fighting       | 1 2 |  2.0
Conjurations   | 5 |  5.5
Spellcasting   | 3 |  3.0

Action                   |  1- 3 |  4- 6 || total
-------------------------+-------+-------++-------
Melee: Unarmed           |    64 |       ||    64
       Tailslap          |     3 |       ||     3
 Cast: Magic Dart        |    67 |    24 ||    91
       Searing Ray       |     8 |     6 ||    14
  Use: Scroll            |       |     4 ||     4
 Stab: Sleeping          |     1 |       ||     1
Armor: Skin              |    27 |     4 ||    31
Dodge: Dodged            |    59 |     9 ||    68
